 Dungeon Crawl Stone Soup version 0.29.0-4-gdea44cf6ec (webtiles) character file.

Game seed: 13582734940777198403

25 qw the Firebug (level 3, -2/28 HPs)
             Began as a Ghoul Fire Elementalist on Aug 29, 2022.
             Slain by a hobgoblin (5 damage)
             ... on level 1 of the Dungeon.
             The game lasted 00:01:05 (1187 turns).

qw the Firebug (Ghoul Fire Elementalist)            Turns: 1187, Time: 00:01:05

Health: -2/28      AC:  2    Str: 13    XL:     3   Next: 4%
Magic:  4/4        EV: 12    Int: 10    God:
Gold:   74         SH:  0    Dex:  9    Spells: 4/5 levels left

rFire   . . .      SeeInvis .     - Unarmed
rCold   + . .      Faith    .   (no shield)
rNeg    + + +      Spirit   .   a - +0 robe
rPois   inf        Reflect  .   (no helmet)
rElec   .          Harm     .   (no cloak)
rCorr   .          Rampage  .   (no gloves)
Will    .....                   (no boots)
Stlth   ++........              (no amulet)
HPRegen 0.00/turn               (no ring)
MPRegen 0.09/turn               (no ring)

@: inhibited regen
A: claws 1, cold resistance 1, negative energy resistance 3, inhibited
regeneration, torment resistance 2, devour on kill
a: no special abilities


You were on level 1 of the Dungeon.
You visited 1 branch of the dungeon, and saw 1 of its levels.

You collected 74 gold pieces.


Innate Abilities, Weirdness & Mutations

You are immune to poison.
You have sharp fingernails.
Your flesh is cold resistant. (rC+)
You are immune to negative energy. (rN+++)
You do not regenerate when monsters are visible.
You are immune to unholy pain and torment.
You thrive by killing the living.


   Skills:
 - Level 1.0 Fighting
 - Level 1.7 Dodging
 - Level 2.1 Stealth
 + Level 2.4 Unarmed Combat
 - Level 1.7 Spellcasting
 - Level 0.7 Conjurations
 - Level 2.4 Fire Magic


You had 4 spell levels left.
You knew the following spells:

 Your Spells              Type           Power      Damage    Failure   Level
a - Foxfire               Conj/Fire      16%        2x1d4     17%         1

Your spell library contained the following spells:

 Spells                   Type           Power      Damage    Failure   Level
 Scorch                   Fire           10%        2d6       19%         2
 Conjure Flame            Conj/Fire      4%         6-21      45%         3
 Inner Flame              Hex/Fire       3%         N/A       52%         3
 Flame Wave               Conj/Fire      4%         2d5       86%         4

Inventory:

Armour
 a - a +0 robe (worn)
 e - a +0 leather armour
 h - a +0 ring mail
Scrolls
 d - a scroll of poison {unknown}
 f - a scroll of immolation {unknown}
 g - a scroll of vulnerability {unknown}
 i - 3 scrolls of identify {unknown}
Potions
 b - a potion of magic
 c - a potion of ambrosia {unknown}

Dungeon Overview and Level Annotations

Branches:
Dungeon (1/15)

Altars:


Message History

The kobold hits you with a +0 club.
You have reached level 3!
Your experience leads to an increase in your attributes!
Increase (S)trength, (I)ntelligence, or (D)exterity?
You feel stronger. x2
1177 ||| Stepping ~*~*~tactically~*~*~ (outnumbered).
The hobgoblin attacks as you move away! The hobgoblin misses you.
The hobgoblin hits you.
1178 ||| Stepping ~*~*~tactically~*~*~ (outnumbered).
You scratch the hobgoblin.
The hobgoblin is moderately wounded.
The hobgoblin barely misses you.
The hobgoblin hits you but does no damage.
You closely miss the hobgoblin.
The hobgoblin is moderately wounded.
The hobgoblin misses you.
The hobgoblin hits you but does no damage.
You closely miss the hobgoblin.
The hobgoblin is moderately wounded.
The hobgoblin closely misses you. The hobgoblin barely misses you.
You scratch the hobgoblin.
The hobgoblin is almost dead.
The hobgoblin hits you but does no damage. x2
You claw the hobgoblin!
You kill the hobgoblin!
You feel better.
The kobold throws a stone.
The stone closely misses you. The hobgoblin closely misses you.
You barely miss the hobgoblin. The hobgoblin closely misses you.
You scratch the kobold.
The kobold is severely wounded.
The kobold barely misses you. The hobgoblin misses you.
You barely miss the kobold.
The kobold is severely wounded.
The kobold completely misses you. The hobgoblin hits you.
You barely miss the kobold.
The kobold is severely wounded.
The kobold closely misses you. The hobgoblin hits you.
You die...

##### ..g...
......##
.........#
#...#.######
.........#
##..#.....K@#
.........#####
...#......g.#
.....).......#
..#.........#
.............#
.. #..##......#
.............#
..##..##.....##
.............#
#..#.....##.#
.............#
....#....##.#
..............
.##..#...##.#
###...........
..##...#..##.#
...........%..


You could see a hobgoblin and a kobold.

Vanquished Creatures
  3 ball pythons (D:1)
  An endoplasm (D:1)
  3 hobgoblins (D:1)
  2 kobolds (D:1)
  3 quokkas (D:1)
  3 bats (D:1)
  3 frilled lizards (D:1)
  3 goblins (D:1)
  3 rats (D:1)
24 creatures vanquished.

Notes
Turn   | Place    | Note
-------+----------+-------------------------------------------
     0 | D:1      | qw the Ghoul Fire Elementalist began the quest for the Orb.
     0 | D:1      | Reached XP level 1. HP: 14/14 MP: 2/2
     0 | D:1      | 0 ||| qw: Version: 0.1-a-90-g952f4b7
     0 | D:1      | 0 ||| qw: Game counter: 4013
     0 | D:1      | 0 ||| qw: Always use a shield: true
     0 | D:1      | 0 ||| qw: God list: Okawaru
     0 | D:1      | 0 ||| qw: Allow faded altars: false
     0 | D:1      | 0 ||| qw: Do Orc after D:15 true
     0 | D:1      | 0 ||| qw: Do second Lair branch before Depths: true
     0 | D:1      | 0 ||| qw: Lair rune preference: random
     0 | D:1      | 0 ||| qw: Plans: Normal
     0 | D:1      | 0 ||| PLANNING D:1-11
   168 | D:1      | 168 ||| Stepping ~*~*~tactically~*~*~ (stealth).
   169 | D:1      | 169 ||| Stepping ~*~*~tactically~*~*~ (stealth).
   240 | D:1      | 240 ||| Stepping ~*~*~tactically~*~*~ (stealth).
   314 | D:1      | Reached skill level 1 in Unarmed Combat
   558 | D:1      | Reached skill level 1 in Fighting
   558 | D:1      | Reached XP level 2. HP: 15/23 MP: 3/3
  1057 | D:1      | 1057 ||| Stepping ~*~*~tactically~*~*~ (stealth).
  1158 | D:1      | 1158 ||| Stepping ~*~*~tactically~*~*~ (stealth).
  1159 | D:1      | 1159 ||| Stepping ~*~*~tactically~*~*~ (stealth).
  1161 | D:1      | 1161 ||| Stepping ~*~*~tactically~*~*~ (stealth).
  1162 | D:1      | 1162 ||| Stepping ~*~*~tactically~*~*~ (stealth).
  1165 | D:1      | 1165 ||| Stepping ~*~*~tactically~*~*~ (stealth).
  1166 | D:1      | 1166 ||| Stepping ~*~*~tactically~*~*~ (stealth).
  1167 | D:1      | 1167 ||| Stepping ~*~*~tactically~*~*~ (stealth).
  1168 | D:1      | 1168 ||| Stepping ~*~*~tactically~*~*~ (stealth).
  1176 | D:1      | HP: 3/23 [kobold/+0 club (4)]
  1177 | D:1      | Reached XP level 3. HP: 4/28 MP: 4/4
  1177 | D:1      | 1177 ||| Stepping ~*~*~tactically~*~*~ (outnumbered).
  1177 | D:1      | HP: 1/28 [hobgoblin (3)]
  1178 | D:1      | 1178 ||| Stepping ~*~*~tactically~*~*~ (outnumbered).
  1186 | D:1      | HP: 3/28 [hobgoblin (1)]
  1187 | D:1      | Slain by a hobgoblin

Levels and vault maps discovered:
D:1:      lightli_arrival_farm, layout_basic, st_stairs_13, minivault_26,
          bh_walls_and_bars

Skill      XL: |  1  2 |
---------------+-------+-----
Unarmed Combat | 1 2 |  2.4
Fighting       | 1 |  1.0
Dodging        | |  1.7
Stealth        | |  2.1
Spellcasting   | |  1.7
Conjurations   | |  0.7
Fire Magic     | |  2.4

Action                   || total
-------------------------++-------
Melee: Unarmed           ||    89
       Punch             ||     1
Armor: Robe              ||    14
Dodge: Dodged            ||    55

Table legend:
 A = Non-vault XP
 B = Vault XP
 C = Vault XP percentage of total XP
 D = Non-vault monster count
 E = Vault monster count
 F = Vault count percentage of total count
                 A         B        C        D         E       F
            +---------+---------+-------+---------+---------+-------
      Total |      35 |       1 |   2.8 |      23 |       1 |   4.2
            +---------+---------+-------+---------+---------+-------
        D:1 |      35 |       1 |   2.8 |      23 |       1 |   4.2
            +---------+---------+-------+---------+---------+-------
